 Dungeon Crawl Stone Soup version 0.30.1-4-g462c640d31 (webtiles) character file.

Game seed: 2566197372820451546

2468 nonceun the Cleaver (level 9, -8/80 HPs)
             Began as a Minotaur Berserker on Sept 6, 2023.
             Was a Priest of Trog.
             Mangled by a boulder beetle (16 damage)
             ... on level 6 of the Dungeon.
             The game lasted 00:22:21 (4494 turns).

nonceun the Cleaver (Minotaur Berserker)            Turns: 4494, Time: 00:22:21

Health: -8/80      AC: 15    Str: 28    XL:     9   Next: 26%
Magic:  8/8        EV:  7    Int:  6    God:    Trog [***...]
Gold:   320        SH: 10    Dex: 13    Spells: 8/8 levels left

rFire   + . .        a - +0 hand axe
rCold   + . .        r - +0 kite shield
rNeg    . . .        v - +0 plate armour
rPois   .            (helmet restricted)
rElec   +            h - scarf {rC+ rF+}
rCorr   .            (no gloves)
SInv    .            x - +2 pair of boots of the End {rElec Str+3 Dex+4}
Will    +++..        (no amulet) Stlth
                     q - ring of willpower
HPRegen 1.33/turn    (no ring)
MPRegen 0.11/turn

%: no passive effects
@: strong-willed, regenerating
A: horns 2, retaliatory headbutt
a: Renounce Religion, Berserk, Trog's Hand


You were on level 6 of the Dungeon.
You worshipped Trog.
Trog was most pleased with you.
You visited 1 branch of the dungeon, and saw 8 of its levels.
You also visited: Sewer.

You collected 320 gold pieces.

Inventory:

Hand Weapons
 a - a +0 hand axe (weapon)
Armour
 e - +0 acid dragon scales
 h - a scarf of resistance (worn)
 p - a +0 cloak
 r - a +0 kite shield (worn)
 v - a +0 plate armour (worn)
 x - the +2 pair of boots of the End (worn) {rElec Str+3 Dex+4}
   (You found it on level 6 of the Dungeon)

   Str:       It affects your strength (+3).
   Dex:       It affects your dexterity (+4).
   rElec:     It insulates you from electricity.
Jewellery
 q - a ring of willpower (left hand)
Wands
 A - a wand of digging (6)
 E - a wand of roots (12)
Scrolls
 b - 2 scrolls of identify {unknown}
 c - 4 scrolls of blinking {unknown}
 j - a scroll of enchant weapon {unknown}
 o - a scroll of acquirement {unknown}
 s - a scroll of torment {unknown}
 t - a scroll of teleportation {unknown}
 u - 2 scrolls of poison {unknown}
 y - a scroll of butterflies {unknown}
 B - a scroll of noise {unknown}
 C - a scroll of amnesia {unknown}
 D - a scroll of fear
 F - a scroll of enchant armour {unknown}
Potions
 d - 4 potions of curing {unknown}
 f - 3 potions of lignification {unknown}
 g - a potion of brilliance {unknown}
 i - a potion of heal wounds {unknown}
 k - 2 potions of degeneration {unknown}
 l - 3 potions of might {unknown}
 m - a potion of mutation {unknown}
 n - a potion of flight {unknown}
 w - a potion of attraction {unknown}
 z - 3 potions of haste {unknown}


   Skills:
 * Level 7.7 Fighting
 + Level 11.1 Axes
 + Level 4.8 Armour
 - Level 2.1 Dodging
 - Level 7.0 Shields


You had 8 spell levels left.
You didn't know any spells.
Your spell library contained the following spells:

 Spells                   Type           Power      Damage    Failure   Level
 Necrotise                Necr           0%         1d4       100%        1
 Summon Small Mammal      Summ           0%         N/A       100%        1
 Call Canine Familiar     Summ           0%         N/A       100%        3
 Ozocubu's Armour         Ice            0%         N/A       100%        3
 Summon Guardian Golem    Hex/Summ       0%         N/A       100%        3
 Tukima's Dance           Hex            0%         N/A       100%        3
 Vampiric Draining        Necr           0%         2d6       100%        3
 Vhi's Electric Charge    Tloc/Air       0%         N/A       100%        3
 Passage of Golubria      Tloc           0%         N/A       100%        4
 Agony                    Necr           0%         N/A       100%        5
 Arcjolt                  Conj/Air       0%         1d10      100%        5
 Yara's Violent Unravell  Hex/Tmut       0%         3d3       100%        5
 Ozocubu's Refrigeration  Ice            0%         4d7       100%        7
 Maxwell's Capacitive Co  Air            0%         ∞         100%        8


Dungeon Overview and Level Annotations

Branches:
Dungeon (8/15)             Temple (0/1) D:7           Sewer (visited)
   Lair: D:8-11

Altars:
Elyvilon

Shops:
D:4 (

Annotations:
D:5 !troll


Innate Abilities, Weirdness & Mutations

You have a pair of horns on your head.
You reflexively headbutt those who attack you in melee.


Message History

The boulder beetle bites you!
* * * LOW HITPOINT WARNING * * *
Aiming: Fastroot
Press: ? - help, Shift-Dir - straight line The roots erupt in riotous growth!
Roots grab the boulder beetle.
The grasping roots constrict the boulder beetle!
The boulder beetle bites you but does no damage.
You hit the boulder beetle but do no damage.
The boulder beetle is lightly wounded.
The grasping roots constrict the boulder beetle, but do no damage.
The boulder beetle bites you but does no damage.
You completely miss the boulder beetle.
You headbutt the boulder beetle, but do no damage.
The boulder beetle is lightly wounded.
The grasping roots constrict the boulder beetle, but do no damage.
The roots release their grip on the boulder beetle.
The boulder beetle bites you but does no damage.
You hit the boulder beetle but do no damage.
The boulder beetle is lightly wounded.
You slash the boulder beetle!
The boulder beetle is moderately wounded.
The boulder beetle closely misses you. You furiously retaliate!
You headbutt the boulder beetle. You hit the boulder beetle.
The boulder beetle is moderately wounded.
The boulder beetle barely misses you.
You hit the boulder beetle but do no damage.
The boulder beetle is moderately wounded.
You block the boulder beetle's attack.
You fail to use your ability.
The boulder beetle bites you.
* * * LOW HITPOINT WARNING * * *
Your polar bear goes berserk!
You can no longer call in reinforcements.
The boulder beetle bites you!
* * * LOW HITPOINT WARNING * * *
You hit the boulder beetle. You headbutt the boulder beetle!
The boulder beetle is heavily wounded.
The boulder beetle bites you!
You die...

#[?# #...##..##..##.##... ##)....
# #...##..##..##.##... # $⌠..⌠
#.# #.##..##..##...##... #
.....#...##.##°.##..##...##... #
...c.hy5.'..°##..##..##.##... #
.... #.○.##..##.)##.##.#. # [⌠..⌠
#°##..##..##...##.#. ##[....
#.##..##..##...##.#. #/!#
#.B@##..##..##.##.#. #?##
#h..##..##..##.##.#. ###
#.##########...##.#. ## #####.#
## #...)#.## .# #.....# #..
####†#.# .# #.##### ..##..#.#.##
'#### ###'## #####.##.#..#.#...
....####....####....####.....#...
.....##......##......##......#...


You could see a boulder beetle (ally target) and a friendly polar bear
(summoned, berserk).

Vanquished Creatures
  Sigmund (D:3)
  A vampire mosquito (D:6)
  An acid dragon (D:6)
  A black bear (D:4)
  An ice beast (D:6)
  An orc warrior (D:6)
  3 sky beasts
  A centaur (D:6)
  3 phantoms
  3 kobold brigands (Sewer)
  2 bullfrogs
  A jelly (D:6)
  3 orc priests
  11 hounds
  Jessica (D:3)
  Terence (D:3)
  An iguana (D:4)
  2 orc wizards
  Robin (D:2)
  14 adders
  4 gnolls (D:4)
  2 shadow imps
  A white imp (D:5)
  An ufetubus (D:6)
  A worm (D:4)
  2 dart slugs
  9 orcs
  10 bats
  8 endoplasms
  3 giant cockroaches
  12 goblins
  11 hobgoblins
  16 kobolds
  3 quokkas
  9 ball pythons
  3 frilled lizards
  8 rats
156 creatures vanquished.

Notes
Turn   | Place    | Note
-------+----------+-------------------------------------------
     0 | D:1      | nonceun the Minotaur Berserker began the quest for the Orb.
     0 | D:1      | Reached XP level 1. HP: 19/19 MP: 0/0
   180 | D:1      | Reached skill level 4 in Axes
   348 | D:1      | Reached XP level 2. HP: 23/26 MP: 1/1
   701 | D:2      | Reached skill level 5 in Axes
   701 | D:2      | Reached XP level 3. HP: 31/31 MP: 2/2
   781 | D:2      | Reached ** piety under Trog
   957 | D:2      | Noticed Robin
   970 | D:2      | Reached skill level 6 in Axes
   970 | D:2      | Reached XP level 4. HP: 33/39 MP: 3/3
   975 | D:2      | Killed Robin
  1397 | D:3      | Noticed Jessica
  1400 | D:3      | Killed Jessica
  1424 | D:3      | Reached XP level 5. HP: 45/46 MP: 4/4
  1464 | D:3      | Noticed Terence
  1475 | D:3      | Killed Terence
  1511 | D:3      | Reached skill level 7 in Axes
  1511 | D:3      | Reached skill level 1 in Shields
  2089 | D:3      | Noticed Sigmund
  2123 | D:3      | Killed Sigmund
  2124 | D:3      | Reached XP level 6. HP: 29/53 MP: 5/5
  2201 | D:4      | Found Kynorun's Antique Weapon Emporium.
  2211 | D:4      | Reached skill level 8 in Axes
  2282 | D:4      | Reached XP level 7. HP: 43/60 MP: 6/6
  2317 | D:4      | Reached skill level 5 in Fighting
  2691 | D:4      | Reached skill level 9 in Axes
  2931 | D:5      | Entered Level 5 of the Dungeon
  2937 | D:5      | You fall into a shaft and drop 3 floors!
  2996 | D:7      | Found a staircase to the Ecumenical Temple.
  3016 | D:7      | Reached skill level 5 in Shields
  3076 | D:6      | Reached XP level 8. HP: 41/68 MP: 7/7
  3085 | D:6      | Identified the +2 pair of boots of the End {rElec Str+3
                  | Dex+4}
  3231 | D:6      | Reached *** piety under Trog
  3321 | D:5      | Found a glowing drain.
  3333 | D:5      | Reached skill level 10 in Axes
  3334 | Sewer    | Entered a sewer
  3841 | D:5      | Reached **** piety under Trog
  3958 | D:5      | Noticed a troll
  4129 | D:6      | Found a white marble altar of Elyvilon.
  4187 | D:6      | Reached XP level 9. HP: 77/78 MP: 8/8
  4455 | D:6      | Noticed a boulder beetle
  4465 | D:6      | Reached skill level 11 in Axes
  4494 | D:6      | Mangled by a boulder beetle

Illustrated notes

Levels and vault maps discovered:
D:1:      tarquinn_simple_flora_water_b, layout_basic, hex_intersection,
          minmay_misc_feat_enclosed
D:2:      cheibrodos_old_hovel, layout_basic, serial_forest,
          infiniplex_forest_end_1, infiniplex_forest_clump_small,
          infiniplex_forest_clump_long, infiniplex_forest_straight_2,
          infiniplex_forest_clump_C, kennysheep_generic_room_11, uniq_robin
D:3:      layout_basic, st_stairs_14, uniq_sigmund, uniq_terence, uniq_jessica
D:4:      layout_cave_pools, serial_bayou, serial_bayou_shore_a,
          serial_bayou_shore_b, serial_bayou_lagoon_b, serial_bayou_crossing,
          minmay_misc_feat_doors, nicolae_stop_n_shop_2,
          minmay_misc_feat_four_crosses, st_stairs_7
D:5:      layout_rooms, portal_sewer_entry_d, minmay_misc_feat_tiny
D:6:      wad_guarded_room, layout_rooms, nicolae_elyvilon_peaceful_grove
D:7:      layout_cave_pods, grunt_dithmenos_smoke_and_mirrors,
          minmay_temple_entry_ruins
D:8:      layout_gridville, uniq_psyche, uniq_prince_ribbit1

Skill      XL: |  1  2  3  4  5  6  7  8  9 |
---------------+----------------------------+-----
Axes           | 4 5 6 7 8 9 10 11 | 11.1
Fighting       | 4 5 6 7 |  7.7
Shields        | 2 5 6 7 |  7.0
Armour         | 3 4 |  4.8
Dodging        | |  2.1

Action                     |  1- 3 |  4- 6 |  7- 9 || total
---------------------------+-------+-------+-------++-------
  Melee: Hand axe          |    65 |   115 |   348 ||   528
         Headbutt          |     7 |    15 |    59 ||    81
         Punch             |     1 |       |       ||     1
 Invoke: Trog's Hand       |       |     6 |     2 ||     8
         Brothers in Arms  |       |       |     1 ||     1
  Evoke: Wand              |       |       |     1 ||     1
    Use: Scroll            |       |     1 |       ||     1
 Armour: Ring mail         |    20 |    14 |       ||    34
         Scale mail        |       |    20 |    63 ||    83
         Plate armour      |       |       |    41 ||    41
         Acid dragon scale |       |       |    15 ||    15
  Dodge: Dodged            |    22 |    46 |    85 ||   153
  Block: Kite shield       |     1 |    24 |   132 ||   157
